 Dungeon Crawl Stone Soup version 0.24.1-14-gf8d2b509d9 (webtiles) character file.

Game seed: 458886279944687771, levelgen mode: deterministic

414 H0rd4k the Charlatan (level 7, -2/50 HPs)
             Began as a Human Artificer on May 25, 2020.
             Slain by a gnoll
             ... wielding a +0 spear
              (6 damage)
             ... on level 4 of the Dungeon.
             The game lasted 00:07:32 (4119 turns).

H0rd4k the Charlatan (Human Artificer)              Turns: 4119, Time: 00:07:32

Health: -2/50      AC:  4    Str: 14    XL:     7   Next: 14%
Magic:  10/10      EV: 18    Int: 12    God:
Gold:   115        SH:  0    Dex: 18    Spells: 6/6 levels left

rFire    . . .     SeeInvis .   q - +2 short sword (speed)
rCold    . . .     Gourm    .   (no shield)
rNeg     . . .     Faith    .   b - +0 leather armour
rPois    .         Spirit   .   (no helmet)
rElec    .         Reflect  .   (no cloak)
rCorr    .         Harm     .   (no gloves)
MR       .....                  h - +0 pair of boots
Stlth    +++.......             (no amulet)
HPRegen  0.16/turn              (no ring)
MPRegen  0.12/turn              (no ring)

@: agile, hasted, very quick
A: no striking features
a: no special abilities


You were on level 4 of the Dungeon.
You were hungry.

You visited 1 branch of the dungeon, and saw 4 of its levels.

You collected 115 gold pieces.

Inventory:

Hand Weapons
 a - a +0 short sword
 q - a +2 short sword of speed (weapon)
Missiles
 l - 20 poisoned darts (quivered)
Armour
 b - a +0 leather armour (worn)
 h - a +0 pair of boots (worn)
Jewellery
 m - a +2 ring of evasion
 o - a cursed ring of teleportation {unknown}
Wands
 c - a wand of flame (2)
 d - a wand of enslavement (11)
 e - a wand of random effects (32)
Scrolls
 j - 5 scrolls of teleportation
 p - a scroll of identify
Potions
 g - a potion of degeneration {unknown}
 i - 2 potions of agility
 k - a potion of haste
 n - a potion of mutation
Comestibles
 f - 6 rations


   Skills:
 + Level 2.2 Fighting
 + Level 3.8 Short Blades
 + Level 2.3 Armour
 + Level 3.4 Dodging
 + Level 2.2 Stealth
 + Level 4.0 Evocations


You had 6 spell levels left.
You didn't know any spells.
Your spell library was empty.

Dungeon Overview and Level Annotations

Branches:
Dungeon (4/15)             Temple (0/1) D:4

Altars:
Fedhas
Makhleb
Trog

Annotations:
D:1 exclusion: downstairs
D:2 Robin
D:3 exclusions: downstairs and upstairs


Message History

You kill the gnoll!
The gnoll hits you with a +0 spear! The gnoll closely misses you.
You see here a +0 spear.
You hit the gnoll.
The gnoll is moderately wounded.
The gnoll hits you with a +0 spear. The gnoll hits you.
* * * LOW HITPOINT WARNING * * *
You hit the gnoll but do no damage.
The gnoll is moderately wounded.
The gnoll hits you with a +0 spear.
* * * LOW HITPOINT WARNING * * *
The gnoll barely misses you. The gnoll hits you.
* * * LOW HITPOINT WARNING * * *
It was a potion of agility.
You feel agile all of a sudden. The gnoll closely misses you.
The gnoll barely misses you.
It was a potion of haste.
You feel yourself speed up.
The gnoll hits you from afar with a +0 spear.
You die...

#..........#
#..........#
#..........#
#..........# #)#
#.# #g# #g# #@##
....
#.)##########....#
##.##............#
#.##.............
#.##...<....###..
#.##.........##..
#.##.............
###.##........##...
#.........[........


You could see 2 gnolls.

Vanquished Creatures
  A howler monkey (D:4)
  A bullfrog skeleton (D:4)
  A hound (D:3)
  Jessica (D:2)
  3 gnolls
  Natasha (twice) (D:3)
  A worker ant (D:4)
  A howler monkey zombie (D:3)
  5 adders
  An ooze (D:2)
  3 worms (D:2)
  A dart slug (D:1)
  A leopard gecko (D:4)
  12 orcs
  3 ball pythons
  5 bats
  9 giant cockroaches
  7 goblins
  5 hobgoblins
  A jackal (D:1)
  A quokka (D:3)
  3 frilled lizards
  5 kobolds
  8 rats
81 creatures vanquished.

Vanquished Creatures (collateral kills)
  Natasha (D:3)
  A gnoll (D:3)
  An ooze (D:3)
  A worm (D:2)
  4 orcs (D:3)
  A goblin (D:2)
  A hobgoblin (D:2)
  3 kobolds (D:3)
  A quokka skeleton (D:4)
14 creatures vanquished.

Vanquished Creatures (others)
  A gnoll (D:3)
  An adder (D:2)
2 creatures vanquished.

Grand Total: 97 creatures vanquished

Notes
Turn   | Place    | Note
-------+----------+-------------------------------------------
     0 | D:1      | H0rd4k the Human Artificer began the quest for the Orb.
     0 | D:1      | Reached XP level 1. HP: 15/15 MP: 3/3
   209 | D:1      | Reached XP level 2. HP: 15/21 MP: 4/4
   922 | D:1      | Reached XP level 3. HP: 26/26 MP: 5/5
  1067 | D:2      | Noticed Robin
  1475 | D:3      | Reached XP level 4. HP: 25/32 MP: 6/6
  1586 | D:3      | Noticed Natasha
  1602 | D:3      | Killed Natasha
  1602 | D:3      | Reached skill level 1 in Armour
  1859 | D:3      | Reached XP level 5. HP: 7/37 MP: 7/7
  2841 | D:2      | Noticed Jessica
  2870 | D:2      | Killed Jessica
  3158 | D:3      | Reached XP level 6. HP: 31/43 MP: 8/8
  3200 | D:3      | Noticed Natasha
  3206 | D:3      | Killed Natasha
  3607 | D:3      | Noticed Natasha
  3608 | D:3      | Killed Natasha
  3636 | D:4      | Found a staircase to the Ecumenical Temple.
  3694 | D:4      | Found a blossoming altar of Fedhas.
  3695 | D:4      | Found a bloodstained altar of Trog.
  3715 | D:4      | Noticed an ogre
  3885 | D:4      | Found a burning altar of Makhleb.
  3952 | D:4      | Reached skill level 4 in Evocations
  4018 | D:4      | Reached XP level 7. HP: 27/50 MP: 10/10
  4119 | D:4      | Slain by a gnoll

Levels and vault maps discovered:
D:1:      roderic_octagonal_star, layout_basic
D:2:      layout_basic, hangedman_decor_push, uniq_jessica, uniq_robin
D:3:      layout_loops_ring, uniq_natasha
D:4:      layout_rooms, gammafunk_temple_overflow_statue, temple_statues,
          lemuel_tele_altar

Skill      XL: |  1  2  3  4  5  6 |
---------------+-------------------+-----
Short Blades   | 2 3 |  3.8
Armour         | 1 2 |  2.3
Stealth        | 2 |  2.2
Dodging        | 3 |  3.4
Fighting       | 2 |  2.2
Evocations     | 4 |  4.0

Action                   |  1- 3 |  4- 6 |  7- 9 || total
-------------------------+-------+-------+-------++-------
Melee: Dagger            |   156 |   285 |       ||   441
       Short sword       |     4 |    22 |    15 ||    41
Evoke: Wand              |     3 |    27 |     3 ||    33
  Use: Scroll            |     2 |     3 |       ||     5
       Potion            |       |       |     2 ||     2
 Stab: Sleeping          |     5 |     2 |       ||     7
  Eat: Chunk             |     2 |     8 |       ||    10
Armor: Leather armour    |    45 |    67 |     2 ||   114
Dodge: Dodged            |    94 |   159 |    12 ||   265
